 Dungeon Crawl Stone Soup version 0.31.0-4-g52a2dc7128 (webtiles) character file.

Game seed: 8856391230081786914

452 Xavori the Slasher (level 7, 0/51 HPs)
             Began as a Djinni Chaos Knight on Jan 22, 2024.
             Was a Plaything of Xom.
             Killed from afar by an orc wizard (7 damage)
             ... with a magic dart
             ... on level 4 of the Dungeon.
             The game lasted 00:03:10 (10844 turns).

Xavori the Slasher (Djinni Chaos Knight)           Turns: 10844, Time: 00:03:12

Health: 0/51       AC:  6    Str: 11    XL:     7   Next: 25%
Gold:   69         EV: 12    Int: 14    God:    Xom [.*....] SH:  0 Dex: 14

rFire   + + +        a - +0 falchion (chaos)
rCold   x . .        (no shield)
rNeg    . . .        b - +2 leather armour
rPois   ∞            (helmet restricted)
rElec   .            (no cloak)
rCorr   .            g - +0 pair of gloves
SInv    .            (boots unavailable)
Will    +....        o - amulet of the acrobat
Stlth   ++           (no ring)
HPRegen 0.28/turn    (no ring)
MPRegen 0.00/turn

%: acrobat, infuse magic (-1 HP)
@: flying
A: sickness immunity, fire resistance 3, cold vulnerability 1, float, innate
caster, HP casting, extra vitality 1, horns 1, strong-willed 1, wild magic 1,
noise suppression
a: Renounce Religion


You were on level 4 of the Dungeon.
You worshipped Xom.
You were a plaything of Xom.
You visited 1 branch of the dungeon, and saw 4 of its levels.

You collected 69 gold pieces.

Inventory:

Hand Weapons
 a - a +0 falchion of chaos (weapon)
Armour
 b - a +2 leather armour (worn)
 g - a +0 pair of gloves (worn)
Jewellery
 o - an amulet of the acrobat (around neck)
Scrolls
 c - a scroll of butterflies
 e - a scroll of blinking {unknown}
 f - 2 scrolls of fear {unknown}
 h - 2 scrolls of immolation {unknown}
 j - 2 scrolls of teleportation {unknown}
 k - 2 scrolls of fog
Potions
 d - a potion of heal wounds {unknown}
 i - a potion of might {unknown}
 l - a potion of haste {unknown}
 m - a potion of curing {unknown}
 n - a potion of cancellation {unknown}


   Skills:
 + Level 3.9 Fighting
 + Level 4.5 Long Blades
 + Level 3.1 Armour
 + Level 3.7 Dodging
 + Level 1.3 Stealth
 * Level 1.6 Spellcasting
 * Level 1.6 Conjurations
 * Level 1.6 Hexes
 * Level 1.6 Summonings
 * Level 1.6 Necromancy
 * Level 1.6 Translocations
 * Level 1.6 Fire Magic
 * Level 1.6 Ice Magic
 * Level 1.6 Air Magic
 * Level 1.6 Earth Magic
 * Level 1.6 Alchemy


You knew the following spells:

 Your Spells              Type           Power      Damage    Failure   Level
a - Slow                  Hex            28%        N/A       22%         1
b - Lesser Beckoning      Tloc           14%        N/A       32%         2
c - Vampiric Draining     Necr           7%         2d6       52%         3
Your spell library was empty.

Dungeon Overview and Level Annotations

Branches:
Dungeon (4/15)
 Temple: D:4-7

Altars:
Elyvilon
Nemelex Xobeh
Qazlal
Trog

Annotations:
D:3 2 transporters


Innate Abilities, Weirdness & Mutations

You are immune to sickness and miasma.
You are immune to poison.
Your flesh is almost immune to the effects of heat. (rF+++)
You are vulnerable to cold. (rC-)
You float through the air rather than walking.
You learn spells naturally, not from books.
Your magical power is your life essence.
You have superior vitality. (+4 MHP)
You have a pair of small horns on your head.
You are strong-willed. (Will+)
Your spells are a little harder to cast, but a little more powerful.
You passively dampen the noise of your surroundings.


Message History

The bat misses you.
The orc wizard mumbles some strange words.
The orc wizard flickers and vanishes!
Deactivating autopickup; reactivate with Ctrl-A.
The orc priest hits you with a +0 dagger.
* * * LOW HITPOINT WARNING * * *
The orc barely misses you. The orc closely misses you.
Unknown command.
You hit the orc priest. You burn the orc priest.
You kill the orc priest!
The bat hits you but does no damage. The orc hits you but does no damage.
The orc closely misses you.
Found 11 gold pieces.
The bat attacks as it pursues you!
The bat completely misses you. x2; Something closely misses you.
The orc misses you. The bat misses you.
Things that are here:
a +0 dagger; a +0 scale mail Something misses you.
Something hits you but does no damage. The bat attacks as it pursues you!
The bat misses you. The bat barely misses you.
The bat hits you but does no damage. "This might be better!"
You swap places with the orc.
Some monsters swap places.
You are now a plaything of Xom.
The bat closely misses you. The orc hits you with a +0 hand axe.
* * * LOW HITPOINT WARNING * * *
Something hits you but does no damage. The kobold misses you.
The bat completely misses you. The orc completely misses you.
The orc misses you. Something hits you but does no damage.
You barely miss the orc. The orc closely misses you. x2
The bat closely misses you. Something hits you.
* * * LOW HITPOINT WARNING * * *
The kobold hits you but does no damage.
You hit the orc. You freeze the orc. Your headbutt misses the orc.
The orc is moderately wounded.
The bat misses you. The orc barely misses you. x2
A magic dart appears from out of thin air!
The magic dart hits you!
You die... "This toy is broken."

#.. # #.. # ##..# #
##...# # #.$.# #
##..# # . ##..# ## ..
##.o.# #. ...##
##o@b## ##
#....###.{K## #
#........## #
###...)...###########
##................##
##....)^<.........#
#.....#######....##
#..>.### ###...##
#...## ##...#


You could see 2 orcs, a bat and a kobold.

Vanquished Creatures
  A sky beast (D:4)
  A water moccasin (D:3)
  A scorpion (D:4)
  An orc priest (D:4)
  An iguana (D:4)
  An orc wizard (D:4)
  4 adders
  2 ribbon worms
  3 dart slugs
  2 orcs (D:4)
  11 endoplasms
  4 giant cockroaches
  4 goblins
  6 hobgoblins
  6 jackals (D:1)
  4 kobolds
  A quokka (D:3)
  4 ball pythons
  9 bats
  2 frilled lizards
  6 rats
74 creatures vanquished.

Notes
Turn   | Place    | Note
-------+----------+-------------------------------------------
     0 | D:1      | Xavori the Djinni Chaos Knight began the quest for the Orb.
     0 | D:1      | Reached XP level 1. HP: 20/20 MP: 0/0
     5 | D:1      | XOM: silly message
    96 | D:1      | XOM: divination: detect items
   101 | D:1      | Reached XP level 2. HP: 25/25 MP: 0/0
   222 | D:1      | Reached skill level 3 in Long Blades
   249 | D:1      | Reached XP level 3. HP: 30/30 MP: 0/0
   249 | D:1      | Learned a level 1 spell: Slow
   429 | D:1      | XOM: give mutation
   429 | D:1      | Gained mutation: Your flesh is almost immune to the effects
                  | of heat. (rF+++) [Xom's mischief]
   699 | D:1      | You are sucked into a shaft and drop 1 floor!
   734 | D:1      | XOM: summons 2 hostile demons
   821 | D:2      | XOM: 5-stop teleportation journey
   840 | D:2      | Reached XP level 4. HP: 17/35 MP: 0/0
   876 | D:2      | XOM: give mutations
   876 | D:2      | Gained mutation: Your body sometimes deteriorates upon
                  | taking damage. [Xom's mischief]
   876 | D:2      | Gained mutation: You have a pair of small horns on your
                  | head. [Xom's mischief]
   917 | D:2      | XOM: blink monster(s)
   918 | D:2      | XOM: enchant monster (good)
  1096 | D:2      | XOM: divination: magic mapping
  1917 | D:1      | XOM: silly message
  2003 | D:1      | XOM: give mutations
  2003 | D:1      | Gained mutation: You are weak. (Str -2) [Xom's mischief]
  2109 | D:1      | XOM: stat loss: -1 Dex (11/14)
  2692 | D:1      | XOM: summons 1 hostile demon
  4492 | D:1      | XOM: noise
  4533 | D:1      | XOM: cloud trail
  4607 | D:1      | XOM: 9-stop teleportation journey
  5442 | D:1      | XOM: give mutation
  5442 | D:1      | Lost mutation: You are weak. (Str -2) [Xom's mischief]
  6008 | D:1      | XOM: give mutation
  6008 | D:1      | Gained mutation: You occasionally lose the ability to read
                  | scrolls when taking damage. [Xom's mischief]
  6041 | D:1      | XOM: god gift: orcbow {god gift}
  6120 | D:1      | XOM: summons 3 hostile demons
  7310 | D:1      | XOM: noise
  7844 | D:1      | XOM: give mutations
  7844 | D:1      | Gained mutation: You are dopey. (Int -2) [Xom's mischief]
  7844 | D:1      | Gained mutation: You are strong-willed. (Will+) [Xom's
                  | mischief]
  8248 | D:1      | XOM: summons 3 hostile demons
  8271 | D:2      | XOM: silly message
  9036 | D:1      | XOM: give mutations
  9036 | D:1      | Gained mutation: You passively dampen the noise of your
                  | surroundings. [Xom's mischief]
  9036 | D:1      | Gained mutation: You are very dopey. (Int -4) [Xom's
                  | mischief]
  9036 | D:1      | Lost mutation: Your body sometimes deteriorates upon taking
                  | damage. [Xom's mischief]
  9519 | D:1      | XOM: give mutations
  9519 | D:1      | Gained mutation: You have supernaturally acute eyesight.
                  | (SInv) [Xom's mischief]
  9519 | D:1      | Lost mutation: You have supernaturally acute eyesight.
                  | (SInv) [Xom's mischief]
  9519 | D:1      | Lost mutation: You occasionally lose the ability to read
                  | scrolls when taking damage. [Xom's mischief]
  9519 | D:1      | Gained mutation: Your spells are a little harder to cast,
                  | but a little more powerful. [Xom's mischief]
  9714 | D:3      | Reached XP level 5. HP: 39/40 MP: 0/0
  9714 | D:3      | Learned a level 2 spell: Lesser Beckoning
  9721 | D:3      | Found a bloodstained altar of Trog.
  9957 | D:3      | Noticed a water moccasin
  9967 | D:3      | Killed a water moccasin
  9968 | D:3      | Reached skill level 1 in Stealth
  9968 | D:3      | Reached skill level 1 in Spellcasting
  9968 | D:3      | Reached skill level 1 in Conjurations
  9968 | D:3      | Reached skill level 1 in Hexes
  9968 | D:3      | Reached skill level 1 in Summonings
  9968 | D:3      | Reached skill level 1 in Necromancy
  9968 | D:3      | Reached skill level 1 in Translocations
  9968 | D:3      | Reached skill level 1 in Fire Magic
  9968 | D:3      | Reached skill level 1 in Ice Magic
  9968 | D:3      | Reached skill level 1 in Air Magic
  9968 | D:3      | Reached skill level 1 in Earth Magic
  9968 | D:3      | Reached skill level 1 in Alchemy
  9968 | D:3      | Reached XP level 6. HP: 33/47 MP: 0/0
 10089 | D:3      | Found a stormy altar of Qazlal.
 10089 | D:3      | Found a white marble altar of Elyvilon.
 10089 | D:3      | Found a sparkling altar of Nemelex Xobeh.
 10091 | D:3      | Found a transporter.
 10120 | D:3      | Found a transporter.
 10250 | D:3      | XOM: stat loss: -1 Int (9/10)
 10280 | D:4      | XOM: blink monster(s)
 10286 | D:4      | Reached skill level 4 in Long Blades
 10419 | D:4      | XOM: butterfly on damage
 10512 | D:4      | XOM: summons 1 hostile demon
 10531 | D:4      | Noticed a sky beast
 10553 | D:4      | Killed a sky beast
 10554 | D:4      | Reached XP level 7. HP: 40/51 MP: 0/0
 10554 | D:4      | Learned a level 3 spell: Vampiric Draining
 10733 | D:4      | XOM: give mutations
 10733 | D:4      | Lost mutation: You are very dopey. (Int -4) [Xom's
                  | mischief]
 10733 | D:4      | Lost mutation: You are dopey. (Int -2) [Xom's mischief]
 10824 | D:4      | XOM: polymorph orc -> bat
 10841 | D:4      | XOM: swap monsters
 10844 | D:4      | Killed from afar by an orc wizard

Illustrated notes

Levels and vault maps discovered:
D:1:      scummos_arrival_gate, layout_loops_ring
D:2:      minmay_door_path, layout_basic
D:3:      layout_basic, trog_three_pillars_becter,
          gammafunk_temple_overflow_arena
D:4:      minmay_recursive_quarters, layout_layer_cave,
          mainiacjoe_overflow_brackets

Skill      XL: |  1  2  3  4  5  6 |
---------------+-------------------+-----
Long Blades    | 3 4 |  4.5
Armour         | 2 3 |  3.1
Dodging        | 3 |  3.7
Stealth        | 1 |  1.3
Spellcasting   | 1 |  1.6
Conjurations   | 1 |  1.6
Hexes          | 1 |  1.6
Summonings     | 1 |  1.6
Necromancy     | 1 |  1.6
Translocations | 1 |  1.6
Fire Magic     | 1 |  1.6
Ice Magic      | 1 |  1.6
Air Magic      | 1 |  1.6
Earth Magic    | 1 |  1.6
Alchemy        | 1 |  1.6
Fighting       | |  3.9

Action                     |  1- 3 |  4- 6 |  7- 9 || total
---------------------------+-------+-------+-------++-------
  Melee: Falchion          |   108 |   139 |    18 ||   265
         Punch             |     1 |     1 |       ||     2
         Headbutt          |       |    25 |     2 ||    27
    Use: Scroll            |       |     1 |       ||     1
   Stab: Sleeping          |       |     2 |       ||     2
 Armour: Leather armour    |    88 |   110 |    32 ||   230
  Dodge: Dodged            |    99 |    93 |    43 ||   235
